 Dungeon Crawl Stone Soup version 0.18-a0-1542-g9c1a92e (webtiles) character file.

716 namelastname112 the Martial Artist (level 7, 56/57 HPs)
             Began as a Mottled Draconian Monk on Mar 10, 2016.
             Quit the game on level 4 of the Dungeon.
             The game lasted 00:05:46 (4551 turns).

namelastname112 the Martial Artist (DrMo)           Turns: 4551, Time: 00:05:46

Health: 56/57      AC: 10    Str: 14    XL:     7   Next: 41%
Magic:  7/7        EV: 13    Int: 10    God:
Gold:   207        SH:  0    Dex: 15    Spells: 0 memorised, 6 levels left

rFire  . . .     SeeInvis .     H - +5 short sword of Ninofaol {speed, rPois}
rCold  . . .     Gourm    .     (armour unavailable)
rNeg   + . .     Faith    .     (no shield)
rPois  +         Spirit   .     (helmet restricted)
rElec  .         Dismiss  .     l - +0 cloak
rCorr  .         Reflect  .     h - +0 pair of gloves
SustAt +         Harm     +     G - +1 pair of boots {Stlth+}
MR     .....                    z - amulet of harm
Stlth  +++.......               D - ring of positive energy
                                w - ring of sustain attributes

@: not resistant to hostile enchantments, fairly stealthy
A: breathe sticky flame splash, unfitting armour, cold-blooded, AC +6
a: Breathe Sticky Flame


You were on level 4 of the Dungeon.
You were not hungry.

You visited 1 branch of the dungeon, and saw 4 of its levels.
You also visited: Sewer.

You collected 207 gold pieces.

Inventory:

Hand Weapons
 g - a +0 dagger of venom
 H - the +5 short sword of Ninofaol (weapon) {speed, rPois}
   (You found it on level 4 of the Dungeon)

   Attacks with this weapon are significantly faster.
   It protects you from poison.
Missiles
 u - 5 curare-tipped needles
Armour
 h - a +0 pair of gloves (worn)
 l - a +0 cloak (worn)
 F - a +0 buckler
 G - a +1 pair of boots of stealth (worn)
Jewellery
 w - a ring of sustain attributes (left hand)
 z - an amulet of harm (around neck)
 D - a ring of positive energy (right hand)
Wands
 x - a wand of acid (9/15)
 y - a wand of iceblast (2/15)
 C - a wand of polymorph (9/24)
 I - a wand of slowing (34/48)
 J - a wand of iceblast (5/15)
Scrolls
 d - 2 scrolls of fog {unknown}
 f - 2 scrolls of fear {unknown}
 i - 5 scrolls of amnesia {unknown}
 m - 4 scrolls of teleportation {unknown}
 n - 3 scrolls of identify {unknown}
 p - 2 scrolls of enchant armour {unknown}
 v - a scroll of remove curse {unknown}
 B - a scroll of random uselessness {unknown}
Potions
 c - a potion of lignification
 e - 2 potions of heal wounds {unknown}
 j - a potion of resistance {unknown}
 o - a potion of flight {unknown}
 q - a potion of brilliance {unknown}
 r - a potion of curing
 s - a potion of magic {unknown}
 t - a potion of berserk rage {unknown}
 A - a potion of degeneration {unknown}
Comestibles
 a - 3 bread rations
 b - 2 fruits
 k - a meat ration
 E - a royal jelly
 K - 2 chunks of flesh


   Skills:
 - Level 3.2 Fighting
 - Level 2.6 Dodging
 - Level 1.7 Stealth
 + Level 9.2 Unarmed Combat


You had 6 spell levels left.
You didn't know any spells.

Dungeon Overview and Level Annotations

Branches:
Dungeon (4/15)
 Temple: D:4-7

Altars:
Kikubaaqudgha
Makhleb
Okawaru


Innate Abilities, Weirdness & Mutations

You can spit globs of burning liquid.
You can ignite nearby creatures when you spit burning liquid.
Your weird mottled scales are hard (AC +6).
Your body does not fit into most forms of armour.
You are cold-blooded and may be slowed by cold attacks.


Message History

No target in view!
No target in view!
No target in view!
No target in view!
No target in view!
No target in view!
No target in view!
No target in view!
No target in view!
No target in view!
No target in view!
No target in view!
No target in view!
No target in view!
You open the door.
There is an open door here.
Key pressed, stopping explore.
There is an open door here.
A quokka comes into view.
Are you sure you want to abandon this character and quit the game? (Confirm with "yes".)

#.......#.....##..##
#.......#.........#.
#.......#.........#.
#..######.....##.)##
#..##..##..>..##.<##
#...............)..'
#..................#
#.................##
#..@...##.....##..##
#..##..##.....##....
#..##..##.....##..##
#..+.........(#####.
#.r#...........# #.
#..############# ##
#.. #. #.. #. ##


You could see a quokka (wandering).

Vanquished Creatures
  3 ogres (D:4)
  A phantom (D:4)
  A centaur zombie (D:3)
  An orc priest (D:3)
  An iguana (D:4)
  2 orc wizards
  A worker ant (D:4)
  A howler monkey skeleton (D:4)
  2 adders
  10 river rats
  2 worms
  4 giant geckos
  10 orcs
  A giant cockroach (D:2)
  6 goblins
  5 hobgoblins
  8 jackals
  9 kobolds
  A quokka (D:3)
  6 ball pythons
  3 bats
  11 giant newts
  12 rats
101 creatures vanquished.

Notes
Turn   | Place    | Note
--------------------------------------------------------------
     0 | D:1      | namelastname112 the Draconian Monk began the quest for the Orb.
     0 | D:1      | Reached XP level 1. HP: 19/19 MP: 1/1
   425 | D:1      | Reached XP level 2. HP: 26/26 MP: 2/2
  1109 | D:2      | Reached skill level 5 in Unarmed Combat
  1127 | D:2      | Reached XP level 3. HP: 31/31 MP: 3/3
  1733 | D:3      | Reached XP level 4. HP: 20/38 MP: 4/4
  1804 | D:3      | Reached skill level 6 in Unarmed Combat
  1811 | D:3      | Found a glowing drain.
  1815 | Sewer    | Entered a sewer
  2236 | Sewer    | Reached XP level 5. HP: 35/45 MP: 5/5
  2850 | D:3      | Found a burning altar of Makhleb.
  2981 | D:3      | Reached skill level 7 in Unarmed Combat
  3239 | D:3      | Found an iron altar of Okawaru.
  3473 | D:3      | Reached XP level 6. HP: 38/51 MP: 6/6
  3983 | D:4      | Got a bloodstained short sword
  3984 | D:4      | Identified the +5 short sword of Ninofaol {speed, rPois} (You found it on level 4 of the Dungeon)
  4095 | D:4      | Reached skill level 8 in Unarmed Combat
  4345 | D:4      | Your scales start taking on a weird mottled colour.
  4345 | D:4      | Reached XP level 7. HP: 52/57 MP: 7/7
  4400 | D:4      | Found an ancient bone altar of Kikubaaqudgha.
  4416 | D:4      | Reached skill level 9 in Unarmed Combat
  4551 | D:4      | Quit the game

Vault maps used:
D:1:      dpeg_arrival_rooms_with_view, dk_noncrumbling_3
D:3:      old_standard_altar, first_bread, gup_sewer_entry_bowl,
          okawaru_gym_becter
D:4:      kiku_gazebo_garden_becter, minmay_misc_feat_alley, grunt_ministairs_4
Sewer:    sewer_co_cracked_pipes

Skill      XL: |  1  2  3  4  5  6  7 |
---------------+----------------------+-----
Unarmed Combat | 5 6 7 8 9 |  9.2
Fighting       | |  3.2
Dodging        | |  2.6
Stealth        | |  1.7

Action                   |  1- 3 |  4- 6 |  7- 9 || total
-------------------------+-------+-------+-------++-------
Melee: Unarmed           |    21 |     4 |       ||    25
       Dagger            |    95 |   192 |       ||   287
       Short sword       |       |    29 |    22 ||    51
Evoke: Wand              |       |     2 |       ||     2
  Use: Potion            |       |     3 |       ||     3
 Stab: Sleeping          |     3 |     5 |       ||     8
       Distracted        |       |       |     1 ||     1
  Eat: Chunk             |     2 |     8 |     2 ||    12
